 Dungeon Crawl Stone Soup version 0.14-a0-1721-g84c87b2 (webtiles) character file.

182 M4edhros the Ducker (level 4, -8/19 HPs)
             Began as a Felid Transmuter on Jan 2, 2014.
             Mangled by an orc wizard
             ... wielding a -1,+1 orcish flail
              (9 damage)
             ... on Level 3 of the Dungeon.
             The game lasted 00:08:45 (3180 turns).

M4edhros the Ducker (Felid Transmuter)              Turns: 3180, Time: 00:08:45

HP  -8/19        AC  1     Str  6      XL: 4   Next: 70%
MP  10/10        EV 21     Int 14      God:
Gold 66          SH  0     Dex 18      Spells:  2 memorised,  4 levels left
Lives: 0, deaths: 1

rFire  . . .     SeeInvis +       - Unarmed
rCold  . . .     Clarity  .     (armour unavailable)
rNeg   + + .     Conserve .     (shield unavailable)
rPois  .         rCorr    .     (helmet unavailable)
rElec  .         rRot     .     (cloak unavailable)
SustAb . .       Spirit   .     (gloves unavailable)
rMut   .         Warding  +     (boots unavailable)
Saprov . . .     Stasis   .     e - amulet of warding {unknown}
                                (no ring)
                                h - cursed ring of positive energy

@: quick, slightly resistant to hostile enchantments, fairly stealthy
A: paw claws, no armour, no advanced items, fangs 3, see invisible, carnivore 3,
speed 1, shaggy fur 1, slow metabolism 1, jump 1
a: Jump Attack


You were on level 3 of the Dungeon.
You were not hungry.

You visited 1 branch of the dungeon, and saw 3 of its levels.

You collected 66 gold pieces.

Inventory:

Missiles
 b - 12 arrows
Comestibles
 a - 3 meat rations
Scrolls
 c - a scroll of fog
 j - a scroll of random uselessness
 m - 2 scrolls of remove curse {unknown}
Jewellery
 e - an amulet of warding (around neck) {unknown}
 h - a cursed ring of positive energy (left paw)
 n - an uncursed amulet of stasis
Potions
 g - a potion of resistance
Books
 d - a book of Changes

   Spells                             Type                      Level
   *Beastly Appendage                 Transmutation                1
   *Sticks to Snakes                  Transmutation                2
   Spider Form                        Transmutation/Poison         3
   Ice Form                           Ice/Transmutation            4
   Blade Hands                        Transmutation                5


   Skills:
 - Level 1.0 Fighting
 + Level 5.8 Dodging
 + Level 4.7 Unarmed Combat
 - Level 2.0 Spellcasting
 + Level 2.7 Transmutations


You had 4 spell levels left.
You knew the following spells:

 Your Spells              Type           Power        Failure   Level  Hunger
a - Beastly Appendage     Trmt           #.....       10%         1    ##.....
b - Sticks to Snakes      Trmt           #.........   14%         2    ###....


Dungeon Overview and Level Annotations

Branches:
Dungeon (3/16)

Altars:


Innate Abilities, Weirdness & Mutations

You cannot wear armour.
You are incapable of any advanced item manipulation.
Your paws have sharp claws.
You have razor-sharp teeth.
You have supernaturally acute eyesight.
You are carnivorous and can eat meat at any time.
You cover ground quickly.
You are covered in fur (AC +1).
You have a slow metabolism.
You can jump attack at a short distance.


Message History

e - a runed blue amulet (around neck) {tried} Read which item? (? for menu, Esc to quit)
Okay, then.
The orc wizard casts a spell at you. The magic dart hits you!
* * * LOW HITPOINT WARNING * * *
Drink which item? (? for menu, Esc to quit)
Okay, then.
You claw the orc wizard!
The orc wizard begins to bleed from its wounds!
Your bite misses the orc wizard.
The orc wizard is heavily wounded.
The orc wizard closely misses you.
You scratch the orc wizard.
The orc wizard is severely wounded.
You barely miss the orc wizard.
The orc wizard is severely wounded.
Your horns disappear.
The orc wizard hits you with an orcish flail!
You die...

###################
........).........# ***
#################.#****
*,> #....#
######.#*,,,********,
#....#
#....#.##,,,*,,,,,,*,,
#....#
#....@..#,,,*,****,* ,
#....# #...o#..# ,* *
*,*,, #....#
####.#.....,', * *,,
#....##########.#.##...#*
***,*,,
.....gggr§§§§.%.... ....
,,,,,,,,
#....##########%#.. *.#
*, ,, #....#*******
#.#...*.*,,*,* *,,,
#....#,,,,,,*
#.#.#.#.#,,*,* *,,,
######,,,,, * *.*.*,#.#,
*,* *,,,


You could see an orc wizard (bleeding).

Vanquished Creatures
  The ghost of mathso the Slasher, an average HEFi (D:3)
  6 adders
  A gnoll (D:3)
  A worm (D:2)
  6 giant geckos
  An orc (D:3)
  5 goblins
  8 hobgoblins
  2 jackals (D:3)
  3 quokkas
  A ball python (D:3)
  8 bats
  3 giant cockroaches
  14 giant newts
  4 kobolds
  7 rats
71 creatures vanquished.

Vanquished Creatures (collateral kills)
  A hobgoblin (D:3)
1 creature vanquished.

Vanquished Creatures (others)
  An adder (D:3)
  An orc (D:3)
  A giant cockroach (D:3)
3 creatures vanquished.

Grand Total: 75 creatures vanquished

Notes
Turn   | Place    | Note
--------------------------------------------------------------
     0 | D:1      | M4edhros, the Felid Transmuter, began the quest for the Orb.
     0 | D:1      | Reached XP level 1. HP: 9/9 MP: 4/4
   351 | D:1      | Reached XP level 2. HP: 12/12 MP: 3/5
  1017 | D:2      | Reached XP level 3. HP: 7/15 MP: 6/8
  1346 | D:2      | Reached skill level 4 in Dodging
  1860 | D:2      | Reached XP level 4. HP: 19/19 MP: 10/10
  2218 | D:3      | Reached skill level 5 in Dodging
  2504 | D:3      | Noticed mathso's ghost (average HEFi)
  2913 | D:3      | Learned a level 2 spell: Sticks to Snakes
  2933 | D:3      | Killed mathso's ghost
  2933 | D:3      | Reached XP level 5. HP: 13/22 MP: 0/12
  3091 | D:3      | Killed from afar by an orc
  3092 | D:3      | Reached XP level 4. HP: -18/19 MP: 7/10
  3180 | D:3      | Mangled by an orc wizard

Action                   |  1- 3 |  4- 6 || total
-------------------------+-------+-------++-------
Melee: Unarmed           |   155 |   108 ||   263
 Cast: Beastly Appendage |    12 |     9 ||    21
       Sticks to Snakes  |       |     6 ||     6
  Use: Potion            |     5 |     1 ||     6
       Scroll            |       |    13 ||    13
 Stab: Sleeping          |     1 |     1 ||     2
